 Dungeon Crawl Stone Soup version 0.24.0-29-g8ce449bc06 (webtiles) character file.

Game seed: 14316895837815443215, levelgen mode: deterministic

119 Flugslaktarn the Chopper (level 4, -5/41 HPs)
             Began as a Minotaur Monk on Nov 15, 2019.
             Killed by divine providence
             ... invoked by an orc priest
              (10 damage)
             ... on level 4 of the Dungeon.
             The game lasted 00:00:58 (1778 turns).

Flugslaktarn the Chopper (Minotaur Monk)            Turns: 1778, Time: 00:00:59

Health: -5/41      AC:  5    Str: 17    XL:     4   Next: 73%
Magic:  3/3        EV: 12    Int:  7    God:
Gold:   81         SH:  0    Dex: 12    Spells: 3/3 levels left

rFire    + . .     SeeInvis .   a - +0 hand axe
rCold    . . .     Gourm    .   (no shield)
rNeg     . . .     Faith    .   d - +0 ring mail {rF+}
rPois    .         Spirit   .   (helmet restricted)
rElec    .         Reflect  .   (no cloak)
rCorr    .         Harm     .   (no gloves)
MR       .....                  (no boots)
Stlth    +.........             (no amulet)
HPRegen  0.13/turn              (no ring)
MPRegen  0.08/turn              (no ring)

@: no status effects
A: retaliatory headbutt, horns 2
a: no special abilities


You were on level 4 of the Dungeon.
You were not hungry.

You visited 1 branch of the dungeon, and saw 4 of its levels.

You collected 81 gold pieces.

Inventory:

Hand Weapons
 a - a +0 hand axe (weapon)
Armour
 b - a +0 robe
 d - a +0 ring mail of fire resistance (worn)
   (You found it on level 1 of the Dungeon)
Jewellery
 o - a +4 amulet of reflection {unknown}
   (You found it on level 2 of the Dungeon)
Scrolls
 c - 2 scrolls of enchant armour {unknown}
 i - 4 scrolls of remove curse {unknown}
 m - a scroll of amnesia {unknown}
 p - 2 scrolls of teleportation {unknown}
 q - a scroll of enchant weapon {unknown}
 r - a scroll of immolation {unknown}
Potions
 g - 2 potions of heal wounds {unknown}
 h - 2 potions of degeneration {unknown}
 j - a potion of brilliance {unknown}
 k - a potion of agility {unknown}
 l - a potion of mutation {unknown}
 n - a potion of resistance {unknown}
 s - a potion of magic {unknown}
Comestibles
 e - 4 rations
 f - 3 chunks of flesh


   Skills:
 + Level 4.3 Fighting
 * Level 5.0 Axes
 + Level 2.1 Armour
 + Level 4.0 Dodging
 - Level 1.5 Stealth


You had 3 spell levels left.
You didn't know any spells.
Your spell library was empty.

Dungeon Overview and Level Annotations

Branches:
Dungeon (4/15)
 Temple: D:4-7

Altars:

Annotations:
D:4 Pikel


Innate Abilities, Weirdness & Mutations

You reflexively headbutt those who attack you in melee.
You have a pair of horns on your head.


Message History

Pikel freezes you. The slave hits you.
You hit Pikel.
Pikel is lightly wounded.
You hit the slave but do no damage. You hit the slave. The slave hits you.
The orc priest calls down the wrath of Beogh upon you.
Beogh smites you!
* * * LOW HITPOINT WARNING * * *
Pikel cracks his whip.
Pikel hits you but does no damage. The slave completely misses you.
You are too injured to fight recklessly!
You are too injured to fight recklessly!
You are too injured to fight recklessly!
You are too injured to fight recklessly!
You are too injured to fight recklessly!
Unknown command.
Okay, then.
The howler monkey hoots and howls with incredible vigour!
The orc priest invokes the aid of Beogh against you.
Beogh smites you!
You die...

#########
#.....<....#
#.########.#####
#.#### #.......#
.....# #.#.###.####
#.##.# #.#........<
#.########.##.#
#.#####รท###.
..oph...pK.##.###>#
#.# #.
#.opop.@....#.# #.#
#. #..##.%.......#
#.# #.
..........#.#.###
#.# #.
#......######.#.#
#.# #. #.####.
....# #.. .. # #.
##...# ### #) ##..#
#. #..# ...#


You could see Pikel, 3 slaves, a howler monkey, an orc priest and an orc.

Vanquished Creatures
  6 adders
  A worm (D:2)
  2 dart slugs (D:1)
  A leopard gecko (D:4)
  6 giant cockroaches
  11 goblins
  6 hobgoblins
  3 jackals (D:2)
  5 kobolds
  7 bats
  5 frilled lizards
  3 rats
56 creatures vanquished.

Notes
Turn   | Place    | Note
-------+----------+-------------------------------------------
     0 | D:1      | Flugslaktarn the Minotaur Monk began the quest for the Orb.
     0 | D:1      | Reached XP level 1. HP: 19/19 MP: 0/0
    98 | D:1      | You fall into a shaft and drop 1 floor!
   105 | D:2      | Reached XP level 2. HP: 26/27 MP: 1/1
   106 | D:2      | Reached skill level 4 in Axes
   129 | D:2      | Reached skill level 1 in Armour
   200 | D:2      | Reached XP level 3. HP: 23/33 MP: 2/2
  1328 | D:3      | Reached XP level 4. HP: 40/40 MP: 3/3
  1461 | D:3      | Reached skill level 5 in Axes
  1769 | D:4      | Noticed a slave
  1769 | D:4      | Noticed Pikel
  1770 | D:4      | Noticed a slave
  1771 | D:4      | Noticed a slave
  1771 | D:4      | Noticed a slave
  1778 | D:4      | Killed from afar by an orc priest

Levels and vault maps discovered:
D:1:      co_arrival_square_in_a_square_in_a_square, layout_basic,
          minmay_tromino_v4_a
D:2:      kennysheep_the_goblin_king, layout_loops_ring
D:3:      layout_rooms
D:4:      layout_loops_ring, kennysheep_little_box, old_standard_altar,
          first_ration, kennysheep_windowed_goal, uniq_pikel, uniq_menkaure,
          uniq_crazy_yiuf_cottage

Skill      XL: |  1  2  3  4 |
---------------+-------------+-----
Axes           | 4 5 |  5.0
Armour         | 1 2 |  2.1
Fighting       | 4 |  4.3
Dodging        | 4 |  4.0
Stealth        | |  1.5

Action                   |  1- 3 |  4- 6 || total
-------------------------+-------+-------++-------
Melee: Hand axe          |    70 |    36 ||   106
       Headbutt          |     9 |    10 ||    19
 Stab: Sleeping          |     1 |       ||     1
  Eat: Chunk             |     1 |     2 ||     3
Armor: Ring mail         |    23 |    16 ||    39
       Robe              |     1 |       ||     1
Dodge: Dodged            |    52 |    22 ||    74
